 Dungeon Crawl Stone Soup version 0.27.1 (webtiles) character file.

Game seed: 17147358228369131637

7 MacCMillion the Chiller (level 2, 7/19 HPs)
             Began as a Merfolk Ice Elementalist on Aug 21, 2021.
             Quit the game on level 1 of the Dungeon.
             The game lasted 00:01:31 (247 turns).

MacCMillion the Chiller (Merfolk Ice Elementalist)   Turns: 247, Time: 00:01:32

Health: 7/19       AC:  2    Str:  8    XL:     2   Next: 0%
Magic:  1/5        EV: 12    Int: 14    God:
Gold:   9          SH:  0    Dex: 14    Spells: 4/5 levels left

rFire    . . .     SeeInvis .   (no weapon)
rCold    . . .     Faith    .   (no shield)
rNeg     . . .     Spirit   .   a - +0 robe
rPois    .         Reflect  .   (no helmet)
rElec    .         Harm     .   (no cloak)
rCorr    .         Rampage  .   (no gloves)
Will     .....                  (no boots)
Stlth    ++........             (no amulet)
HPRegen  0.06/turn              (no ring)
MPRegen  0.09/turn              (no ring)

@: no status effects
A: (nimble swimmer 2), mertail
a: no special abilities


You were on level 1 of the Dungeon.
You visited 1 branch of the dungeon, and saw 1 of its levels.

You collected 9 gold pieces.

Inventory:

Hand Weapons
 f - a +0 club
Armour
 a - a +0 robe (worn)
Scrolls
 b - a scroll of acquirement {unknown}
 c - a scroll of magic mapping {unknown}
 e - a scroll of torment {unknown}
Potions
 d - a potion of brilliance {unknown}


   Skills:
 + Level 2.7 Dodging
 + Level 2.3 Stealth
 + Level 2.0 Spellcasting
 + Level 4.7 Ice Magic


You had 4 spell levels left.
You knew the following spells:

 Your Spells              Type           Power      Damage    Failure   Level
a - Freeze                Ice            56%        1d7       3%          1

Your spell library contained the following spells:

 Spells                   Type           Power      Damage    Failure   Level
 Frozen Ramparts          Ice            28%        1d4       11%         3
 Ozocubu's Armour         Ice            14%        N/A       11%         3
 Hailstorm                Conj/Ice       8%         3d4       65%         4


Dungeon Overview and Level Annotations

Branches:
Dungeon (1/15)

Altars:


Innate Abilities, Weirdness & Mutations

((You are quick and stealthy near water. (Stealth+, EV+, Speed+++)))
Your lower body shifts to a powerful aquatic tail in water.


Message History

The endoplasm is almost dead.
The endoplasm freezes you.
You are frozen.
The endoplasm jiggles.
The endoplasm hits you but does no damage.
You freeze the endoplasm.
The endoplasm is lightly wounded.
The endoplasm freezes you.
You are frozen.
The endoplasm jiggles.
The endoplasm freezes you.
You are frozen.
* * * LOW HITPOINT WARNING * * *
You are too injured to fight recklessly!
Aiming: Freeze (safe; 3% risk of failure)
Press: ? - help, Q - select action Shift-Dir - straight line, f - endoplasm, p - endoplasm
Aim: an endoplasm (almost dead)
You freeze the endoplasm.
You kill the endoplasm!
The endoplasm hits you.
* * * LOW HITPOINT WARNING * * *
The endoplasm closely misses you.
The endoplasm jiggles.
The endoplasm jiggles.
Aiming: Freeze (safe; 3% risk of failure)
Press: ? - help, Q - select action Shift-Dir - straight line, f - you
Okay, then.
Aiming: Freeze (safe; 3% risk of failure)
Press: ? - help, Q - select action Shift-Dir - straight line, f - endoplasm
Aim: an endoplasm You freeze the endoplasm.
The endoplasm is heavily wounded.
The endoplasm closely misses you.
Aiming: Freeze (safe; 3% risk of failure)
Press: ? - help, Q - select action Shift-Dir - straight line, f/p - endoplasm
Aim: an endoplasm (heavily wounded)
You freeze the endoplasm.
You kill the endoplasm!
You have reached level 2!
Are you sure you want to abandon this character and quit the game? (Confirm with "yes".)

### #. J..#.
############# #.#.
#.......†...# ...
#.#########.#
###.####.####### #># .
#....††........# #.#
#..#....##^.#####.###.#
........##............#
......$.†....@....#####
###.#...##.#####..##
......###....J....#
####### #######...#
#...# #...# #...# #...#
#...#####


There were no monsters in sight!

Vanquished Creatures
  2 bats (D:1)
  2 endoplasms (D:1)
  A goblin (D:1)
  A ball python (D:1)
6 creatures vanquished.

Notes
Turn   | Place    | Note
-------+----------+-------------------------------------------
     0 | D:1      | MacCMillion the Merfolk Ice Elementalist began the quest
                  | for the Orb.
     0 | D:1      | Reached XP level 1. HP: 13/13 MP: 3/3
   246 | D:1      | Reached XP level 2. HP: 7/19 MP: 1/5
   247 | D:1      | Quit the game

Illustrated notes

Levels and vault maps discovered:
D:1:      matt_arrival_refuge, layout_loops_ring,
          ebering_ecumenical_altar_petrified

Action                   || total
-------------------------++-------
 Cast: Freeze            ||    10
Armor: Robe              ||     1
Dodge: Dodged            ||     8
